 Dungeon Crawl Stone Soup version 0.23-a0-315-ga85b81c (webtiles) character file.

52507 MisterFreud the Grappler (level 14, -6/130 HPs)
             Began as a Troll Monk on Oct 13, 2018.
             Was the Champion of Cheibriados.
             Shot with an arrow by a centaur (8 damage)
             ... on level 2 of the Orcish Mines.
             The game lasted 00:45:08 (17159 turns).

MisterFreud the Grappler (Troll Monk)              Turns: 17159, Time: 00:45:09

Health: -6/130     AC: 11    Str: 37    XL:     14   Next: 27%
Magic:  11/20      EV: 17    Int: 25    God:    Cheibriados [******]
Gold:   2262       SH:  0    Dex: 27    Spells: 7/13 levels left

rFire    . . .     SeeInvis .     - Unarmed
rCold    . . .     Gourm    +   (no shield)
rNeg     . . .     Faith    .   D - +3 troll leather armour
rPois    +         Spirit   .   (helmet restricted)
rElec    .         Reflect  .   F - scarf {cloud immunity}
rCorr    +         Harm     .   (gloves unavailable)
MR       +....                  (boots unavailable)
Stlth    ++........             (no amulet)
HPRegen  1.11/turn              C - ring of poison resistance
MPRegen  0.17/turn              g - ring of resist corrosion

@: about to teleport, very slow
A: large, unfitting armour, claws 3, fast metabolism 3, gourmand, regeneration
1, shaggy fur 1, tough skin 2
a: Bend Time, Temporal Distortion, Slouch, Step From Time, Renounce Religion


You were on level 2 of the Orcish Mines.
You worshipped Cheibriados.
Cheibriados was exalted by your worship.
You were completely stuffed.

You visited 3 branches of the dungeon, and saw 20 of its levels.
You also visited: Volcano.

You collected 2262 gold pieces.

Inventory:

Missiles
 c - 316 stones
 d - 32 tomahawks
 x - 2 tomahawks of returning
 y - 4 throwing nets
 A - 8 steel tomahawks
 B - 3 large rocks (quivered)
Armour
 f - a +2 robe
 n - a +0 cloak
 D - a +3 troll leather armour (worn)
 F - a scarf of cloud immunity (worn)
Jewellery
 g - a ring of resist corrosion (right claw)
 k - an uncursed ring of ice
 s - an uncursed ring of wizardry
 u - an uncursed ring of wizardry
 C - a ring of poison resistance (left claw)
Wands
 e - a wand of polymorph (42)
 l - a wand of paralysis (17)
 q - a wand of acid (14)
 r - a wand of digging (44)
 t - a wand of iceblast (12)
 v - a wand of clouds (4)
 z - a wand of flame (23)
 H - a wand of scattershot (6)
Scrolls
 a - 13 scrolls of remove curse
 m - 7 scrolls of teleportation
 w - 8 scrolls of identify
 G - a scroll of fog
Potions
 h - 4 potions of ambrosia
 i - 9 potions of curing
 j - 2 potions of mutation
 o - a potion of brilliance
 p - 4 potions of flight
 E - 2 potions of magic
Comestibles
 b - 30 rations
 I - 2 chunks of flesh


   Skills:
 - Level 6.0 Fighting
 + Level 9.8 Throwing
 - Level 6.0 Armour
 - Level 8.0 Dodging
 - Level 1.0 Stealth
 + Level 14.9 Unarmed Combat
 + Level 3.0 Earth Magic
 - Level 10.0 Invocations


You had 7 spell levels left.
You knew the following spells:

 Your Spells              Type           Power        Failure   Level  Hunger
a - Statue Form           Tmut/Erth      #........    100%        6    #######

Your spell library contained the following spells:

 Spells                   Type           Power        Failure   Level  Hunger
 Corona                   Hex            #......      14%         1    ##.....
 Summon Small Mammal      Summ           #...         14%         1    ##.....
 Call Imp                 Summ           #.......     22%         2    ###....
 Ensorcelled Hibernation  Hex/Ice        #.....       22%         2    ###....
 Call Canine Familiar     Summ           #.......     41%         3    ####...
 Confuse                  Hex            #.......     41%         3    ####...
 Dazzling Spray           Conj/Hex       #.....       41%         3    ####...
 Summon Guardian Golem    Hex/Summ       #.......     41%         3    ####...
 Tukima's Dance           Hex            #.......     41%         3    ####...
 Leda's Liquefaction      Hex/Erth       #.........   61%         4    #####..
 Summon Ice Beast         Ice/Summ       #.......     82%         4    #####..
 Summon Lightning Spire   Summ/Air       #.......     82%         4    #####..
 Bolt of Magma            Conj/Fire/Erth #.........   95%         5    ######.
 Iskenderun's Battlesphe  Conj/Chrm      #.......     99%         5    ######.
 Venom Bolt               Conj/Pois      #.........   99%         5    ######.
 Iron Shot                Conj/Erth      #.........   100%        6    #######
 Orb of Destruction       Conj           #.........   100%        7    #######
 Spellforged Servitor     Conj/Summ      #.........   100%        7    #######
 Shatter                  Erth           ###.......   100%        9    #######


Dungeon Overview and Level Annotations

Branches:
Dungeon (12/15)            Temple (0/1) D:6            Lair (6/6) D:11
 Shoals (0/4) Lair:4       Spider (0/4) Lair:3        Slime (0/5) Lair:5
    Orc (2/2) D:11            Elf (0/3) Orc:2

Altars:
Cheibriados
Dithmenos
Fedhas
Kikubaaqudgha
Trog
Vehumet
Wu Jian
Zin

Portals:
Trove: D:10 (give +3 storm dragon scales)

Annotations:
Lair:1 exclusion: 3 oklob plants
Lair:2 2 transporters


Innate Abilities, Weirdness & Mutations

You are too large for most types of armour.
You have claws for hands.
Your metabolism is lightning-fast.
You like to eat raw meat.
Your natural rate of healing is unusually fast.
You are covered in fur. (AC +1)
You have very tough skin. (AC +2)


Message History

The orc warrior unwields an uncursed great mace.
The orc warrior wields an arbalest.
The orc warrior shoots a bolt.
The bolt hits you!
* * * LOW HITPOINT WARNING * * *
The orc shoots a bolt.
The bolt barely misses you.
You hear a shout!
You feel better.
The orc warrior shoots a bolt.
The bolt barely misses you.
The centaur shoots an arrow.
The arrow hits you!
* * * LOW HITPOINT WARNING * * *
The orc shoots a bolt.
The bolt barely misses you.
An ogre comes into view. It is wielding a giant spiked club.
The ogre shouts!
The centaur shoots an arrow.
The arrow completely misses you.
The centaur shoots an arrow.
The arrow misses you.
The centaur shoots an arrow.
The arrow hits you!
* * * LOW HITPOINT WARNING * * *
The arrow freezes you.
* * * LOW HITPOINT WARNING * * *
The centaur shoots an arrow.
The arrow hits you!
You die...

.......................
........................
......................O.
........................
..............(..(......
..................
.........(.......
...........(.....
.......(.@†......
....c...(().)....
#...##.)##))##...
#≈≈...... c).##..
#≈≈≈...o. ))..#
##≈≈≈≈.......o..
###≈≈≈≈......#..
##≈≈≈≈.))..#..


oo.o ).... You could see an ogre, 2 centaurs and an orc.

Vanquished Creatures
  Kirke (D:11)
  Snorg (Orc:1)
  Josephine (D:10)
  A rakshasa (D:11)
  A hydra (D:7)
  A catoblepas (Lair:6)
  A centaur warrior (Orc:2)
  2 two-headed ogres
  3 skeletal warriors (D:11)
  Pikel (D:8)
  An oklob plant (Orc:2)
  2 orc knights (Orc:2)
  2 orc sorcerers (Orc:2)
  An ugly thing (D:12)
  A wolf spider (Lair:3)
  A cyclops (D:12)
  13 elephants
  Maurice (D:8)
  A merfolk siren (Lair:4)
  A torpor snail (Lair:3)
  Joseph (D:7)
  A black mamba (Lair:4)
  9 spiny frogs
  2 rime drakes (Lair:6)
  4 centaur skeletons
  4 komodo dragons
  A polar bear (Lair:6)
  4 trolls
  2 jumping spiders (Lair:3)
  Grinder (D:5)
  A hornet (D:12)
  Prince Ribbit (D:7)
  12 dream sheep (Lair:6)
  6 blink frogs
  7 hippogriffs
  A redback (Lair:3)
  A spriggan (D:10)
  43 yaks
  5 hogs (D:12)
  4 wraiths (D:10)
  6 basilisks
  Eustachio (D:5)
  2 vampire mosquitoes (D:12)
  A hungry ghost (D:9)
  A warg (Orc:2)
  Edmund (D:5)
  Duvessa (D:5)
  11 porcupines
  8 water moccasins
  A slave (D:8)
  6 sky beasts
  5 black bears
  19 orc warriors
  2 ice beasts
  An eye of draining (D:12)
  19 wolves
  11 centaurs
  12 ogres
  A necrophage (D:8)
  18 crocodiles
  A big kobold (D:7)
  A gnoll sergeant (D:11)
  13 bullfrogs
  Dowan (D:5)
  5 scorpions
  2 electric eels
  14 wights
  A howler monkey (D:11)
  A bullfrog zombie (D:11)
  7 crimson imps
  3 quasits
  2 centaur zombies
  7 hounds
  A jelly (D:7)
  21 orc priests
  2 bullfrog skeletons
  Jessica (D:3)
  4 iguanas
  18 orc wizards
  8 worker ants
  A hound zombie (D:11)
  A hound skeleton (D:10)
  A howler monkey zombie (D:5)
  Robin (D:2)
  9 gnolls
  14 adders
  3 shadow imps
  An adder zombie (D:5)
  2 adder skeletons
  2 worms
  A dart slug (D:2)
  2 leopard geckos
  81 orcs
  3 ball pythons (D:1)
  6 bats
  6 giant cockroaches
  17 goblins
  11 hobgoblins
  7 jackals
  11 kobolds
  5 quokkas
  7 frilled lizards
  A jackal zombie (D:7)
  2 quokka skeletons (D:4)
  6 rats
  A butterfly (Lair:4)
589 creatures vanquished.

Vanquished Creatures (others)
  A wizard (D:12)
  An ice beast (D:8)
  A butterfly (Lair:2)
  4 fungi
  2 plants
9 creatures vanquished.

Grand Total: 598 creatures vanquished

Notes
Turn   | Place    | Note
-------+----------+-------------------------------------------
     0 | D:1      | MisterFreud the Troll Monk began the quest for the Orb.
     0 | D:1      | Reached XP level 1. HP: 22/22 MP: 0/0
   278 | D:1      | Reached XP level 2. HP: 29/29 MP: 1/1
   780 | D:2      | Reached skill level 4 in Unarmed Combat
   786 | D:2      | Reached XP level 3. HP: 29/36 MP: 2/2
   912 | D:2      | Noticed Robin
   939 | D:2      | Killed Robin
   939 | D:2      | Reached XP level 4. HP: 30/44 MP: 3/3
   940 | D:2      | Reached skill level 5 in Unarmed Combat
  1376 | D:3      | Found a snail-covered altar of Cheibriados.
  1377 | D:3      | Found a radiant altar of Vehumet.
  1380 | D:3      | Found an ornate altar of the Wu Jian Council.
  1396 | D:3      | Became a worshipper of Cheibriados the Contemplative
  1396 | D:3      | Reached * piety under Cheibriados
  1396 | D:3      | Reached ** piety under Cheibriados
  1604 | D:3      | Noticed Jessica
  1609 | D:3      | Killed Jessica
  1609 | D:3      | Reached XP level 5. HP: 50/50 MP: 4/4
  1962 | D:3      | Reached skill level 6 in Unarmed Combat
  2227 | D:4      | Reached XP level 6. HP: 56/59 MP: 5/5
  2240 | D:4      | Reached *** piety under Cheibriados
  2240 | D:4      | Reached skill level 7 in Unarmed Combat
  2394 | D:4      | Reached skill level 8 in Unarmed Combat
  2394 | D:4      | Reached XP level 7. HP: 66/66 MP: 6/6
  2789 | D:4      | Reached skill level 1 in Invocations
  3235 | D:5      | Entered Level 5 of the Dungeon
  3288 | D:5      | Noticed Grinder
  3292 | D:5      | Paralysed by Grinder for 5 turns
  3309 | D:5      | Paralysed by Grinder for 4 turns
  3320 | D:5      | Paralysed by Grinder for 5 turns
  3329 | D:5      | Killed Grinder
  3391 | D:5      | Reached XP level 8. HP: 62/74 MP: 10/10
  3401 | D:5      | Reached skill level 5 in Invocations
  3499 | D:5      | Noticed Edmund
  3513 | D:5      | Killed Edmund
  3513 | D:5      | Reached **** piety under Cheibriados
  3551 | D:5      | Noticed Eustachio
  3551 | D:5      | Noticed Duvessa
  3553 | D:5      | Noticed Dowan
  3564 | D:5      | Killed Duvessa
  3573 | D:5      | Killed Dowan
  3670 | D:5      | Killed Eustachio
  3670 | D:5      | Reached skill level 9 in Unarmed Combat
  4081 | D:6      | Reached skill level 10 in Unarmed Combat
  4081 | D:6      | Reached XP level 9. HP: 80/80 MP: 12/12
  4581 | D:6      | Found a staircase to the Ecumenical Temple.
  4630 | D:6      | Reached ***** piety under Cheibriados
  4696 | D:7      | Noticed Prince Ribbit
  4711 | D:7      | Killed Prince Ribbit
  4733 | D:7      | Noticed Joseph
  4759 | D:7      | Killed Joseph
  4759 | D:7      | Noticed a seven-headed hydra
  4778 | D:8      | Found a shadowy altar of Dithmenos.
  4903 | D:8      | Found a glowing silver altar of Zin.
  5110 | D:8      | Noticed Pikel
  5119 | D:8      | Killed Pikel
  5119 | D:8      | Reached XP level 10. HP: 64/94 MP: 15/15
  5145 | D:8      | Noticed Maurice
  5151 | D:8      | Killed Maurice
  5255 | D:8      | Found a blossoming altar of Fedhas.
  5255 | D:8      | Found an ancient bone altar of Kikubaaqudgha.
  5712 | D:9      | Noticed a two-headed ogre
  5889 | D:9      | Reached skill level 5 in Dodging
  5913 | D:9      | Reached skill level 5 in Fighting
  6159 | D:9      | Killed a two-headed ogre
  6305 | D:9      | Found a bloodstained altar of Trog.
  6598 | D:10     | Entered Level 10 of the Dungeon
  6625 | D:10     | Noticed Josephine
  6635 | D:10     | Killed Josephine
  6779 | D:10     | Reached XP level 11. HP: 105/105 MP: 16/16
  6843 | D:10     | Found a portal to a secret trove of treasure.
  6949 | D:10     | Reached skill level 1 in Throwing
  7031 | D:10     | Reached ****** piety under Cheibriados
  7321 | D:11     | Noticed a rakshasa
  7334 | D:11     | Killed a rakshasa
  7532 | D:11     | Reached skill level 5 in Throwing
  7550 | D:11     | Noticed a two-headed ogre
  7557 | D:11     | Killed a two-headed ogre
  7769 | D:11     | Found a staircase to the Lair.
  7920 | D:11     | Noticed a skeletal warrior
  7921 | D:11     | Noticed a skeletal warrior
  7922 | D:11     | Noticed a skeletal warrior
  8041 | D:11     | Killed a skeletal warrior
  8261 | D:11     | Killed a skeletal warrior
  8265 | D:11     | Reached XP level 12. HP: 50/114 MP: 11/17
  8337 | D:11     | Found a staircase to the Orcish Mines.
  8973 | D:12     | Paralysed by a hornet for 1 turns
  8975 | D:12     | Reached skill level 11 in Unarmed Combat
  9563 | D:12     | Noticed Kirke
  9579 | D:12     | Reached skill level 12 in Unarmed Combat
  9698 | D:11     | Killed Kirke
  9894 | D:12     | Found a bloodstained altar of Trog.
 10410 | D:7      | Killed a seven-headed hydra
 10812 | Lair:1   | Entered Level 1 of the Lair of Beasts
 10819 | Lair:1   | Reached skill level 13 in Unarmed Combat
 11182 | Lair:1   | Found a dark tunnel.
 11187 | Volcano  | Entered a volcano
 11625 | Lair:2   | Reached skill level 14 in Unarmed Combat
 11688 | Lair:2   | Reached skill level 1 in Armour
 11736 | Lair:2   | Found a transporter.
 11776 | Lair:2   | Found a transporter.
 11890 | Lair:2   | Reached XP level 13. HP: 120/120 MP: 18/18
 12616 | Lair:3   | Found a hole to the Spider Nest.
 13101 | Lair:4   | Reached skill level 5 in Armour
 13326 | Lair:4   | Found a staircase to the Shoals.
 13950 | Lair:5   | Found a staircase to the Slime Pits.
 14490 | Lair:5   | You fall through a shaft!
 14490 | Lair:6   | Entered Level 6 of the Lair of Beasts
 14850 | Lair:6   | Reached skill level 10 in Invocations
 15286 | Lair:6   | Learned a level 6 spell: Statue Form
 15310 | Lair:6   | Reached XP level 14. HP: 129/130 MP: 20/20
 15325 | Lair:6   | Reached skill level 1 in Earth Magic
 15827 | Orc:1    | Entered Level 1 of the Orcish Mines
 15948 | Orc:1    | Noticed Snorg
 15961 | Orc:1    | Killed Snorg
 16416 | Orc:2    | Entered Level 2 of the Orcish Mines
 16946 | Orc:2    | Found a staircase to the Elven Halls.
 17159 | Orc:2    | HP: 3/130 [centaur/arrow (10)]
 17159 | Orc:2    | Shot with an arrow by a centaur

Vault maps used:
D:1:      sevenhm_arrival_forest_fort_large_2
D:2:      uniq_robin
D:3:      grunt_temple_overflow_open, uniq_jessica
D:5:      first_ration, uniq_eustachio, uniq_duvessa, uniq_grinder, uniq_edmund
D:6:      minmay_temple_entry_hall, kennysheep_boxes
D:7:      uniq_joseph, uniq_prince_ribbit1
D:8:      grunt_temple_overflow_growth_and_decay, kennysheep_mini,
          nicolae_dithmenos_through_a_glass_darkly, uniq_pikel, uniq_maurice
D:9:      lemuel_crystal_altar
D:10:     enter_trove_3, the_bakery, uniq_josephine
D:11:     minmay_lair_entry_grove, david_orc_1_choice
D:12:     trog_wizard, uniq_kirke
Lair:1:   nicolae_volcano_entry_s_turn, minmay_lair_oklob_chamber,
          lemuel_fruit_fields
Lair:2:   gammafunk_cloud_chamber
Lair:3:   spider_nest_entry_funnel_web, grunt_megastairs_1
Lair:4:   elwin_shoals_entry_rooms, lemuel_fruit_fields, serial_bayou_shore_b,
          grunt_megastairs_2
Lair:5:   slime_dummy, serial_bayou_shore_b, lemuel_fruit_fields
Lair:6:   grunt_lair_end_beastmaster
Orc:1:    nicolae_orc_pool_cavern, uniq_snorg
Orc:2:    st_orc_rangers, mines3_lemuel
Volcano:  kennysheep_volcano_temple

Skill      XL: |  1  2  3  4  5  6  7  8  9 10 11 12 13 14 |
---------------+-------------------------------------------+-----
Unarmed Combat | 4 5 6 8 10 14 | 14.9
Invocations    | 4 6 8 10 | 10.0
Fighting       | 4 6 |  6.0
Dodging        | 4 7 8 |  8.0
Throwing       | 8 9 |  9.8
Armour         | 2 6 |  6.0
Earth Magic    | 3 |  3.0
Stealth        | |  1.0

Action                   |  1- 3 |  4- 6 |  7- 9 | 10-12 | 13-15 || total
-------------------------+-------+-------+-------+-------+-------++-------
Melee: Unarmed           |    85 |   127 |   269 |   604 |   470 ||  1555
       Punch             |       |     8 |    17 |    58 |    70 ||   153
Throw: Stone             |       |     3 |    15 |     6 |       ||    24
       Tomahawk          |       |       |       |     1 |       ||     1
       Large rock        |       |       |       |    10 |     5 ||    15
Invok: Temporal Distorti |       |       |     1 |       |       ||     1
       Slouch            |       |       |       |     6 |     5 ||    11
  Use: Scroll            |       |     8 |     8 |    12 |     6 ||    34
       Potion            |       |       |     1 |     1 |     2 ||     4
 Stab: Sleeping          |       |     3 |     3 |     8 |     3 ||    17
       Confused          |       |       |     1 |       |       ||     1
       Distracted        |       |       |       |     1 |     2 ||     3
  Eat: Chunk             |    14 |    10 |    18 |    51 |    40 ||   133
Armor: Robe              |    27 |    11 |    98 |    77 |       ||   213
       Animal skin       |       |    25 |       |       |       ||    25
       Skin              |       |       |     4 |       |       ||     4
       Troll leather arm |       |       |       |    43 |   102 ||   145
Dodge: Dodged            |    31 |    61 |   181 |   418 |   406 ||  1097

Table legend:
 A = Non-vault XP
 B = Vault XP
 C = Vault XP percentage of total XP
 D = Non-vault monster count
 E = Vault monster count
 F = Vault count percentage of total count
                 A         B        C        D         E       F
            +---------+---------+-------+---------+---------+-------
      Total |   57961 |   17049 |  22.7 |     501 |      86 |  14.7
            +---------+---------+-------+---------+---------+-------
        D:1 |      22 |       0 |   0.0 |      13 |       0 |   0.0
        D:2 |      70 |      32 |  31.4 |      26 |      11 |  29.7
        D:3 |     130 |      37 |  22.2 |      29 |       1 |   3.3
        D:4 |     619 |       0 |   0.0 |      21 |       0 |   0.0
        D:5 |     586 |     874 |  59.9 |      19 |       5 |  20.8
        D:6 |    1160 |       0 |   0.0 |      28 |       0 |   0.0
        D:7 |    2274 |     686 |  23.2 |      35 |       2 |   5.4
        D:8 |     558 |    1087 |  66.1 |      15 |       2 |  11.8
        D:9 |    1959 |       0 |   0.0 |      15 |       0 |   0.0
       D:10 |    2326 |    2109 |  47.6 |      34 |       6 |  15.0
       D:11 |    7911 |    3223 |  28.9 |      41 |      22 |  34.9
       D:12 |    4252 |     969 |  18.6 |      35 |       5 |  12.5
     Lair:1 |    3183 |      96 |   2.9 |      18 |       1 |   5.3
     Lair:2 |    4950 |       0 |   0.0 |      24 |       0 |   0.0
     Lair:3 |    3142 |    1373 |  30.4 |      14 |       4 |  22.2
     Lair:4 |    4849 |     803 |  14.2 |      19 |       4 |  17.4
     Lair:5 |    1478 |       0 |   0.0 |       8 |       0 |   0.0
     Lair:6 |   13041 |    2543 |  16.3 |      45 |      11 |  19.6
      Orc:1 |     924 |    1095 |  54.2 |      14 |       1 |   6.7
      Orc:2 |    4527 |    2122 |  31.9 |      48 |      11 |  18.6
            +---------+---------+-------+---------+---------+-------
